TOP OF THE 1ST |
Omaha Storm Chasers batting - Pitching for Charlotte Knights : LHP Isaias Felix
|
Pitching: LHP Isaias Felix
|
|
Batting: RHB Kevin Wimberly
|
0-0: Ball 1-0: Foul Ball, location: 2F 1-1: Foul Ball, location: 2F 1-2: Foul Ball, location: 2F 1-2: Ball 2-2: Strikes out swinging
|
Batting: LHB Bill Baconneck
|
0-0: Called Strike 0-1: Ball 1-1: Fly out, F8 (Line Drive, 8RD, EV 83.1 MPH)
|
Batting: SHB Ryoji Hiraoka
|
0-0: Foul Ball, location: 2F 0-1: Called Strike 0-2: Strikes out looking
|
Top of the 1st over - 0 runs, 0 hits, 0 errors, 0 left on base; Omaha 0 - Charlotte 0 |
BOTTOM OF THE 1ST |
Charlotte Knights batting - Pitching for Omaha Storm Chasers : RHP Matthew Orphan
|
Pitching: RHP Matthew Orphan
|
|
Batting: LHB Adam Tarbutton
|
0-0: Ground out 5-3 (Groundball, 5, EV 89.4 MPH)
|
Batting: RHB Jon Solano
|
0-0: Ball 1-0: SINGLE (Line Drive, 89M, EV 101.9 MPH)
|
Batting: SHB Ruben Velasco Jr.
|
0-0: Ball 1-0: Ball Jon Solano steals 2nd base 2-0: Fly out, F9 (Flyball, 9LMF, EV 83.8 MPH)
|
Batting: LHB Justin Stickney
|
0-0: Fly out, F9 (Line Drive, 9D, EV 95.6 MPH)
|
Bottom of the 1st over - 0 runs, 1 hit, 0 errors, 1 left on base; Omaha 0 - Charlotte 0 |
TOP OF THE 2ND |
Omaha Storm Chasers batting - Pitching for Charlotte Knights : LHP Isaias Felix
|
Batting: RHB Kazuki Arai
|
0-0: Called Strike 0-1: SINGLE (Groundball, 4D, EV 97.5 MPH)
|
Batting: RHB Taisei Fujii
|
0-0: Fly out, F5 (Line Drive, 56, EV 76.2 MPH)
|
Batting: SHB Bill Ertl
|
0-0: Ball 1-0: Called Strike 1-1: Swinging Strike 1-2: Strikes out swinging
|
Batting: SHB Arturo Baez
|
0-0: Foul Ball, location: 2F 0-1: Ball 1-1: Swinging Strike 1-2: Ball 2-2: Ball 3-2: Fly out, F8 (Flyball, 78M, EV 89.4 MPH)
|
Top of the 2nd over - 0 runs, 1 hit, 0 errors, 1 left on base; Omaha 0 - Charlotte 0 |
BOTTOM OF THE 2ND |
Charlotte Knights batting - Pitching for Omaha Storm Chasers : RHP Matthew Orphan
|
Batting: LHB Ricardo Pagan
|
0-0: Called Strike 0-1: Swinging Strike 0-2: Ball 1-2: Foul Ball, location: 2F 1-2: Foul Ball, location: 2F 1-2: Strikes out swinging
|
Batting: RHB Mark Jones
|
0-0: Ball 1-0: Ball 2-0: Ground out 6-3 (Groundball, 6, EV 103.8 MPH)
|
Batting: RHB Kikuo Sato
|
0-0: Swinging Strike 0-1: Ball 1-1: Ball 2-1: Ball 3-1: Base on Balls
|
Batting: SHB Josh Conner
|
0-0: Swinging Strike 0-1: Ball 1-1: Ball 2-1: Fielders Choice at 2nd, 6-4 (Groundball, 6, EV 83.8 MPH)
|
Bottom of the 2nd over - 0 runs, 0 hits, 0 errors, 1 left on base; Omaha 0 - Charlotte 0 |
TOP OF THE 3RD |
Omaha Storm Chasers batting - Pitching for Charlotte Knights : LHP Isaias Felix
|
Batting: SHB Mike Williams
|
0-0: Called Strike 0-1: Foul Ball, location: 2F 0-2: Ball 1-2: Fly out, F7 (Line Drive, 7S, EV 96.2 MPH)
|
Batting: RHB Jason Birge
|
0-0: Called Strike 0-1: Called Strike 0-2: Strikes out swinging
|
Batting: RHB Kevin Wimberly
|
0-0: Swinging Strike 0-1: SINGLE (Line Drive, 7S, EV 110.0 MPH)
|
Batting: LHB Bill Baconneck
|
0-0: Ball 1-0: Called Strike Kevin Wimberly steals 2nd, throwing error, E2 Kevin Wimberly to third 1-1: Foul Ball, location: 2F 1-2: Ball 2-2: Ball 3-2: Foul Ball, location: 2F 3-2: Foul Ball, location: 2F 3-2: Foul Ball, location: 2F 3-2: Foul Ball, location: 2F 3-2: SINGLE (Groundball, 6S, EV 71.9 MPH) (infield hit) Kevin Wimberly scores
|
Batting: SHB Ryoji Hiraoka
|
0-0: Ball 1-0: Ball 2-0: Foul Ball, location: 2F 2-1: Ball 3-1: Base on Balls Bill Baconneck to second
|
Batting: RHB Kazuki Arai
|
0-0: Ball 1-0: Called Strike 1-1: SINGLE (Groundball, 4M, EV 104.4 MPH) (infield hit) Bill Baconneck to third Ryoji Hiraoka to second
|
Batting: RHB Taisei Fujii
|
0-0: SINGLE (Line Drive, 56D, EV 98.1 MPH) Bill Baconneck scores Ryoji Hiraoka to third Kazuki Arai to second Runner from 3rd tries for Home, SAFE, throw by LF to home
|
Batting: SHB Bill Ertl
|
0-0: Swinging Strike 0-1: Foul Ball, location: 2F 0-2: Foul Ball, location: 2F 0-2: SINGLE (Line Drive, 8RS, EV 105.6 MPH) Kazuki Arai to third Taisei Fujii to second
|
Batting: SHB Arturo Baez
|
0-0: Foul Ball, location: 2F 0-1: Fly out, F7 (Flyball, 7, EV 96.2 MPH)
|
Top of the 3rd over - 3 runs, 5 hits, 1 error, 3 left on base; Omaha 3 - Charlotte 0 |
BOTTOM OF THE 3RD |
Charlotte Knights batting - Pitching for Omaha Storm Chasers : RHP Matthew Orphan
|
Batting: RHB Steve Waltenbery
|
0-0: Ball 1-0: Called Strike 1-1: Foul Ball, location: 2F 1-2: Foul Ball, location: 2F 1-2: Ball 2-2: Ball 3-2: Ground out 4-3 (Groundball, 4, EV 99.4 MPH)
|
Batting: LHB Adam Tarbutton
|
0-0: Swinging Strike 0-1: Ball 1-1: Foul Ball, location: 2F 1-2: Ball 2-2: Foul Ball, location: 2F 2-2: Ground out 5-3 (Groundball, 5, EV 80.0 MPH)
|
Batting: RHB Jon Solano
|
0-0: Ball 1-0: Ball 2-0: Ball 3-0: Called Strike 3-1: Called Strike 3-2: Base on Balls
|
Batting: SHB Ruben Velasco Jr.
|
0-0: Called Strike Jon Solano steals 2nd base (no throw) 0-1: Ball 1-1: Ball 2-1: Ball 3-1: Base on Balls
|
Batting: LHB Justin Stickney
|
0-0: Foul Ball, location: 2F 0-1: Ball 1-1: DOUBLE (Line Drive, 9LD, EV 107.5 MPH) Jon Solano scores Ruben Velasco Jr. to third Runner from 3rd tries for Home, SAFE, no throw by RF
|
Batting: LHB Ricardo Pagan
|
0-0: TRIPLE (Flyball, 7LD, EV 97.5 MPH) Justin Stickney scores
|
Batting: RHB Mark Jones
|
0-0: Ball 1-0: Called Strike 1-1: Ball 2-1: Foul Ball, location: 2F 2-2: SINGLE (Groundball, 6S, EV 73.8 MPH) (infield hit) Ricardo Pagan scores
|
Batting: RHB Kikuo Sato
|
0-0: Called Strike Mark Jones is caught stealing 2nd base 2-4
|
Bottom of the 3rd over - 4 runs, 3 hits, 0 errors, 0 left on base; Omaha 3 - Charlotte 4 |
TOP OF THE 4TH |
Omaha Storm Chasers batting - Pitching for Charlotte Knights : LHP Isaias Felix
|
Batting: SHB Mike Williams
|
0-0: DOUBLE (Line Drive, 89XD, EV 106.2 MPH)
|
Batting: RHB Jason Birge
|
0-0: Foul Ball, location: 2F 0-1: Ball 1-1: Called Strike 1-2: Strikes out swinging
|
Batting: RHB Kevin Wimberly
|
0-0: Swinging Strike 0-1: Ball 1-1: Ground out 4-3 (Groundball, 4M, EV 84.4 MPH) Mike Williams to third
|
Batting: LHB Bill Baconneck
|
0-0: Ball 1-0: Ball 2-0: Ball 3-0: Called Strike 3-1: Called Strike 3-2: Base on Balls
|
Batting: SHB Ryoji Hiraoka
|
0-0: Ball 1-0: Called Strike 1-1: Swinging Strike 1-2: Strikes out swinging
|
Top of the 4th over - 0 runs, 1 hit, 0 errors, 2 left on base; Omaha 3 - Charlotte 4 |
BOTTOM OF THE 4TH |
Charlotte Knights batting - Pitching for Omaha Storm Chasers : RHP Matthew Orphan
|
Batting: RHB Kikuo Sato
|
0-0: Ball 1-0: Called Strike 1-1: Called Strike 1-2: Strikes out looking
|
Batting: SHB Josh Conner
|
0-0: Called Strike 0-1: Ball 1-1: Swinging Strike 1-2: Foul Ball, location: 2F 1-2: Strikes out swinging
|
Batting: RHB Steve Waltenbery
|
0-0: Ball 1-0: Ball 2-0: Ball 3-0: Base on Balls
|
Batting: LHB Adam Tarbutton
|
0-0: Called Strike Steve Waltenbery steals 2nd base (no throw) 0-1: Ball 1-1: Ball 2-1: Ball 3-1: Foul Ball, location: 2F 3-2: Base on Balls
|
Batting: RHB Jon Solano
|
0-0: Foul Ball, location: 2F 0-1: Ball 1-1: Fielders Choice at 2nd, 5-4 (Groundball, 56, EV 98.8 MPH)
|
Bottom of the 4th over - 0 runs, 0 hits, 0 errors, 2 left on base; Omaha 3 - Charlotte 4 |
TOP OF THE 5TH |
Omaha Storm Chasers batting - Pitching for Charlotte Knights : LHP Isaias Felix
|
Batting: RHB Kazuki Arai
|
0-0: Swinging Strike 0-1: Called Strike 0-2: Ground out 6-3 (Groundball, 6MD, EV 102.5 MPH)
|
Batting: RHB Taisei Fujii
|
0-0: Ball 1-0: Called Strike 1-1: Swinging Strike 1-2: Ball 2-2: Ground out 3-1 (Groundball, 34S, EV 73.1 MPH)
|
Batting: SHB Bill Ertl
|
0-0: Ball 1-0: Ball 2-0: SINGLE (Groundball, 34D, EV 94.4 MPH)
|
Batting: SHB Arturo Baez
|
0-0: Ball 1-0: SINGLE (Line Drive, 9S, EV 103.8 MPH) Bill Ertl to second
|
Batting: SHB Mike Williams
|
0-0: Called Strike 0-1: Called Strike 0-2: Ball 1-2: Foul Ball, location: 2F 1-2: Fly out, F8 (Flyball, 8RD, EV 106.9 MPH)
|
Top of the 5th over - 0 runs, 2 hits, 0 errors, 2 left on base; Omaha 3 - Charlotte 4 |
BOTTOM OF THE 5TH |
Charlotte Knights batting - Pitching for Omaha Storm Chasers : RHP Matthew Orphan
|
Batting: SHB Ruben Velasco Jr.
|
0-0: Called Strike 0-1: Foul Ball, location: 2F 0-2: Ball 1-2: Strikes out swinging
|
Batting: LHB Justin Stickney
|
0-0: Ball 1-0: Ball 2-0: Ball 3-0: Called Strike 3-1: Foul Ball, location: 2F 3-2: Foul Ball, location: 2F 3-2: Base on Balls
|
Batting: LHB Ricardo Pagan
|
0-0: Foul Ball, location: 2F 0-1: Foul Ball, location: 2F 0-2: Strikes out swinging
|
Batting: RHB Mark Jones
|
0-0: Called Strike 0-1: Fly out, F8 (Flyball, 89S, EV 75.0 MPH)
|
Bottom of the 5th over - 0 runs, 0 hits, 0 errors, 1 left on base; Omaha 3 - Charlotte 4 |
TOP OF THE 6TH |
Omaha Storm Chasers batting - Pitching for Charlotte Knights : LHP Isaias Felix
|
Pitching: RHP Maury Compson
|
|
Batting: RHB Jason Birge
|
0-0: Ball 1-0: Called Strike 1-1: Ball 2-1: Called Strike 2-2: Ball 3-2: Foul Ball, location: 2F 3-2: Base on Balls
|
Batting: RHB Kevin Wimberly
|
0-0: Ground out 6-3 (Groundball, 6S, EV 66.2 MPH) Jason Birge to second
|
Batting: LHB Bill Baconneck
|
0-0: Foul Ball, location: 2F 0-1: Foul Ball, location: 2F 0-2: Ball 1-2: Strikes out looking
|
Batting: SHB Ryoji Hiraoka
|
0-0: Swinging Strike 0-1: Ball 1-1: Foul Ball, location: 2F 1-2: Ball 2-2: Foul Ball, location: 2F 2-2: Foul Ball, location: 2F 2-2: Ball 3-2: Foul Ball, location: 2F 3-2: Foul Ball, location: 2F 3-2: Fly out, F8 (Flyball, 8LD, EV 80.6 MPH)
|
Top of the 6th over - 0 runs, 0 hits, 0 errors, 1 left on base; Omaha 3 - Charlotte 4 |
BOTTOM OF THE 6TH |
Charlotte Knights batting - Pitching for Omaha Storm Chasers : RHP Matthew Orphan
|
Batting: RHB Kikuo Sato
|
0-0: DOUBLE (Line Drive, 5D, EV 111.2 MPH)
|
Batting: SHB Josh Conner
|
0-0: Ball 1-0: Ball 2-0: Foul Ball, location: 2F 2-1: Foul Ball, location: 2F 2-2: SINGLE (Line Drive, 8RS, EV 105.0 MPH) Kikuo Sato to third Runner from 3rd tries for Home, SAFE, throw by CF to home
|
Pitching: RHP Justin Nipper
|
|
Batting: RHB Steve Waltenbery
|
0-0: Swinging Strike 0-1: Swinging Strike 0-2: Fielders Choice at 2nd, 6-4 (Groundball, 6, EV 85.0 MPH)
|
Batting: LHB Adam Tarbutton
|
0-0: Called Strike Steve Waltenbery steals 2nd base 0-1: Called Strike 0-2: Ball 1-2: Strikes out swinging
|
Batting: RHB Jon Solano
|
0-0: Called Strike 0-1: Ball 1-1: Foul Ball, location: 2F 1-2: Foul Ball, location: 2F 1-2: Strikes out swinging
|
Bottom of the 6th over - 1 run, 2 hits, 0 errors, 1 left on base; Omaha 3 - Charlotte 5 |
TOP OF THE 7TH |
Omaha Storm Chasers batting - Pitching for Charlotte Knights : RHP Maury Compson
|
Now at 1B: Jon Solano
|
|
Now at 2B: Steve Waltenbery
|
|
Now at SS: John Iddings
|
|
Batting: RHB Kazuki Arai
|
0-0: Ball 1-0: Ball 2-0: Ball 3-0: Called Strike 3-1: SINGLE (Groundball, 25, EV 70.0 MPH) (infield hit)
|
Batting: RHB Taisei Fujii
|
0-0: Called Strike 0-1: Called Strike 0-2: Strikes out swinging
|
Batting: SHB Bill Ertl
|
0-0: Ball 1-0: Called Strike 1-1: Swinging Strike 1-2: Ball 2-2: Fly out, F8 (Flyball, 8LXD, EV 97.5 MPH)
|
Pitching: LHP Silas Chartier
|
|
Batting: SHB Arturo Baez
|
0-0: Called Strike 0-1: Swinging Strike 0-2: Ball 1-2: Ball 2-2: Fly out, F9 (Flyball, 9, EV 92.5 MPH)
|
Top of the 7th over - 0 runs, 1 hit, 0 errors, 1 left on base; Omaha 3 - Charlotte 5 |
BOTTOM OF THE 7TH |
Charlotte Knights batting - Pitching for Omaha Storm Chasers : RHP Justin Nipper
|
Batting: SHB Ruben Velasco Jr.
|
0-0: Foul Ball, location: 2F 0-1: Foul Ball, location: 2F 0-2: Ball 1-2: Foul Ball, location: 2F 1-2: Ball 2-2: Fly out, F6 (Popup, 4MD, EV 60.6 MPH)
|
Batting: RHB John Iddings
|
0-0: Ball 1-0: Ball 2-0: Foul Ball, location: 2F 2-1: Foul Ball, location: 2F 2-2: Ball 3-2: Strikes out looking
|
Batting: LHB Ricardo Pagan
|
0-0: Ball 1-0: Ground out U3 (Groundball, 3L, EV 88.8 MPH)
|
Bottom of the 7th over - 0 runs, 0 hits, 0 errors, 0 left on base; Omaha 3 - Charlotte 5 |
TOP OF THE 8TH |
Omaha Storm Chasers batting - Pitching for Charlotte Knights : LHP Silas Chartier
|
Batting: SHB Mike Williams
|
0-0: Swinging Strike 0-1: Ball 1-1: Ground out U3 (Groundball, 3, EV 88.8 MPH)
|
Batting: RHB Jason Birge
|
0-0: Foul Ball, location: 2F 0-1: Foul Ball, location: 2F 0-2: Strikes out looking
|
Batting: RHB Kevin Wimberly
|
0-0: Swinging Strike 0-1: Ball 1-1: Called Strike 1-2: Strikes out looking
|
Top of the 8th over - 0 runs, 0 hits, 0 errors, 0 left on base; Omaha 3 - Charlotte 5 |
BOTTOM OF THE 8TH |
Charlotte Knights batting - Pitching for Omaha Storm Chasers : RHP Justin Nipper
|
Pitching: RHP Mike Tuck
|
|
Batting: RHB Mark Jones
|
0-0: Ground out 6-3 (Groundball, 6, EV 85.6 MPH)
|
Batting: RHB Kikuo Sato
|
0-0: Ball 1-0: Ground out 5-3 (Groundball, 56, EV 92.5 MPH)
|
Batting: SHB Josh Conner
|
0-0: Called Strike 0-1: Ball 1-1: Swinging Strike 1-2: Strikes out swinging
|
Bottom of the 8th over - 0 runs, 0 hits, 0 errors, 0 left on base; Omaha 3 - Charlotte 5 |
TOP OF THE 9TH |
Omaha Storm Chasers batting - Pitching for Charlotte Knights : LHP Silas Chartier
|
Pitching: RHP Chris Worster
|
|
Batting: LHB Bill Baconneck
|
0-0: Ball 1-0: Ball 2-0: Swinging Strike 2-1: Fly out, F8 (Flyball, 89M, EV 83.8 MPH)
|
Batting: SHB Ryoji Hiraoka
|
0-0: Ball 1-0: Called Strike 1-1: Ball 2-1: Ball 3-1: Base on Balls
|
Batting: RHB Kazuki Arai
|
0-0: SINGLE (Line Drive, 4D, EV 96.9 MPH) Ryoji Hiraoka to second
|
Batting: RHB Taisei Fujii
|
0-0: Called Strike 0-1: Ball 1-1: Ball 2-1: Foul Ball, location: 2F 2-2: Grounds into double play, U5-3 (Groundball, 5L, EV 103.8 MPH)
|
Top of the 9th over - 0 runs, 1 hit, 0 errors, 1 left on base; Omaha 3 - Charlotte 5 |
|